 Dungeon Crawl Stone Soup version 0.29.1-1-gd02db6906a (webtiles) character file.

Game seed: 9903717454260987969

31 lonewolfV2 the Insei (level 3, -1/28 HPs)
             Began as a Gnoll Transmuter on Oct 20, 2022.
             Slain by a crimson imp (4 damage)
             ... summoned by Natasha
             ... on level 2 of the Dungeon.
             The game lasted 00:02:09 (1781 turns).

lonewolfV2 the Insei (Gnoll Transmuter)             Turns: 1781, Time: 00:02:09

Health: -1/28      AC:  3    Str:  9    XL:     3   Next: 22%
Magic:  8/9        EV: 13    Int: 14    God:
Gold:   60         SH:  0    Dex: 12    Spells: 11/12 levels left

rFire   . . .      SeeInvis .     - Unarmed
rCold   . . .      Faith    .   (no shield)
rNeg    . . .      Spirit   .   a - +1 robe
rPois   .          Reflect  .   (helmet currently unavailable)
rElec   .          Harm     .   (no cloak)
rCorr   .          Rampage  .   (no gloves)
Will    .....                   (boots currently unavailable)
Stlth   +.........              (no amulet)
HPRegen 0.09/turn               (no ring)
MPRegen 0.11/turn               (no ring)

@: appendages
A: horns 2, talons 2, fangs 1, strong nose, distributed training
a: End Transformation


You were on level 2 of the Dungeon.
You had temporarily grown beastly horns and talons.
You visited 1 branch of the dungeon, and saw 2 of its levels.

You collected 60 gold pieces.

Inventory:

Armour
 a - a +1 robe (worn)
 d - a +2 helmet (melded)
Jewellery
 g - an amulet of regeneration
Scrolls
 c - 3 scrolls of identify {unknown}
 i - a scroll of vulnerability {unknown}
Potions
 b - a potion of lignification
 e - a potion of cancellation
 f - a potion of curing {unknown}
 h - a potion of flight {unknown}
 j - a potion of attraction {unknown}


   Skills:
 + Level 2.6 Fighting
 + Level 0.7 Short Blades
 + Level 0.7 Long Blades
 + Level 0.7 Axes
 + Level 0.7 Maces & Flails
 + Level 0.7 Polearms
 + Level 0.7 Staves
 + Level 0.7 Ranged Weapons
 + Level 0.7 Throwing
 + Level 0.7 Armour
 + Level 4.5 Dodging
 + Level 0.7 Stealth
 + Level 0.7 Shields
 + Level 6.5 Unarmed Combat
 + Level 5.0 Spellcasting
 + Level 0.5 Conjurations
 + Level 0.5 Hexes
 + Level 0.5 Summonings
 + Level 0.5 Necromancy
 + Level 0.5 Translocations
 + Level 3.7 Transmutations
 + Level 0.5 Fire Magic
 + Level 0.5 Ice Magic
 + Level 0.5 Air Magic
 + Level 0.5 Earth Magic
 + Level 0.5 Poison Magic
 + Level 0.9 Invocations
 + Level 0.7 Evocations


You had 11 spell levels left.
You knew the following spells:

 Your Spells              Type           Power      Damage    Failure   Level
a - Beastly Appendage     Tmut           28%        N/A       3%          1

Your spell library contained the following spells:

 Spells                   Type           Power      Damage    Failure   Level
 Wereblood                Tmut           14%        N/A       5%          2
 Spider Form              Tmut/Pois      9%         N/A       22%         3
 Gell's Gravitas          Tloc           4%         N/A       38%         3
 Lesser Beckoning         Tloc           4%         N/A       38%         3
 Teleport Other           Tloc           4%         N/A       38%         3
 Ice Form                 Ice/Tmut       9%         N/A       58%         4


Dungeon Overview and Level Annotations

Branches:
Dungeon (2/15)

Altars:

Annotations:
D:2 Natasha


Innate Abilities, Weirdness & Mutations

You have temporarily grown beastly horns and talons.
You have very sharp teeth.
Your uncanny sense of smell can sniff out nearby items.
Your experience applies equally to all skills.


Message History

The white imp is heavily wounded.
You closely miss the crimson imp.
You hit the crimson imp but do no damage.
The crimson imp closely misses you.
Casting: Beastly Appendage (safe; 3% risk of failure)
Confirm with . or Enter, or press ? or * to list all spells.
You grow a pair of large bovine horns.
Your feet morph into talons.
Your +2 helmet melds into your body.
The crimson imp barely misses you.
You hit the crimson imp. Your kick misses the crimson imp.
Your headbutt misses the crimson imp.
The crimson imp is heavily wounded.
The crimson imp misses you.
You barely miss the crimson imp.
The crimson imp is moderately wounded.
The crimson imp hits you.
* * * LOW HITPOINT WARNING * * *
You hit the crimson imp.
You claw the crimson imp, but do no damage.
Your headbutt misses the crimson imp. Your bite misses the crimson imp.
The crimson imp is moderately wounded.
The crimson imp closely misses you.
Natasha mumbles some strange words.
You miss the crimson imp.
The crimson imp is moderately wounded.
The crimson imp completely misses you.
You closely miss the crimson imp. Your kick misses the crimson imp.
You headbutt the crimson imp!
The crimson imp is almost dead.
Natasha growls.
You hit the crimson imp.
You kill the crimson imp!
The crimson imp disappears in a puff of smoke!
You punch the white imp!
You kill the white imp!
The white imp disappears in a puff of smoke!
You barely miss the crimson imp. Your kick misses the crimson imp.
Your headbutt misses the crimson imp. You punch the crimson imp.
The crimson imp is lightly wounded.
The crimson imp hits you.
You die...

...........#.<#.#
..#####)####.#..#
..###...........# ∆
..#.#.#.####.#..#
..#........#.#..#
..#.#..##.##.#..#
..#.#...#.##.#..# .#. ..#
#...#.##.#..#####.....
..#.#......#.#..@5†.......
..#.#.###.##.#.###h.......
..#.#............'....###.
..#.#.....##.#.###h...#
..#.#...........##......
..#)#.#....#.#..###+#####
..#.#.#.........#
....#.#.##.#.##.#
#.###.#........ #


You could see Natasha and a crimson imp (summoned).

Vanquished Creatures
  A worm (D:2)
  3 ball pythons (D:1)
  3 endoplasms
  A giant cockroach (D:2)
  2 hobgoblins
  2 jackals (D:1)
  5 kobolds
  2 quokkas (D:1)
  A bat (D:1)
  2 frilled lizards
  2 goblins (D:1)
  A rat (D:1)
25 creatures vanquished.

Vanquished Creatures (others)
  5 toadstools (D:1)
5 creatures vanquished.

Grand Total: 30 creatures vanquished

Notes
Turn   | Place    | Note
-------+----------+-------------------------------------------
     0 | D:1      | lonewolfV2 the Gnoll Transmuter began the quest for the
                  | Orb.
     0 | D:1      | Reached XP level 1. HP: 17/17 MP: 6/6
   340 | D:1      | Reached XP level 2. HP: 23/23 MP: 7/7
  1567 | D:2      | Reached skill level 5 in Spellcasting
  1567 | D:2      | Reached XP level 3. HP: 23/28 MP: 6/9
  1752 | D:2      | Noticed Natasha
  1781 | D:2      | Slain by a crimson imp

Illustrated notes

Levels and vault maps discovered:
D:1:      ldierk_walled_garden, layout_loops_corners, minmay_pentomino_z4
D:2:      layout_basic, shapermc_ecumenical_altar_mp_vishouse,
          bh_walls_and_bars, uniq_natasha

Skill      XL: |  1  2 |
---------------+-------+-----
Spellcasting   | 5 |  5.0
Fighting       | |  2.6
Short Blades   | |  0.7
Long Blades    | |  0.7
Axes           | |  0.7
Maces & Flails | |  0.7
Polearms       | |  0.7
Staves         | |  0.7
Ranged Weapons | |  0.7
Throwing       | |  0.7
Armour         | |  0.7
Dodging        | |  4.5
Stealth        | |  0.7
Shields        | |  0.7
Unarmed Combat | |  6.5
Conjurations   | |  0.5
Hexes          | |  0.5
Summonings     | |  0.5
Necromancy     | |  0.5
Translocations | |  0.5
Transmutations | |  3.7
Fire Magic     | |  0.5
Ice Magic      | |  0.5
Air Magic      | |  0.5
Earth Magic    | |  0.5
Poison Magic   | |  0.5
Invocations    | |  0.9
Evocations     | |  0.7

Action                   || total
-------------------------++-------
Melee: Unarmed           ||    81
       Bite              ||     7
       Kick              ||    12
       Headbutt          ||     8
       Punch             ||     4
 Cast: Beastly Appendage ||    11
  Use: Scroll            ||     3
       Potion            ||     1
Armor: Robe              ||    16
Dodge: Dodged            ||    75
